 Dungeon Crawl Stone Soup version 0.30.0-5-g1a98f26d00 (webtiles) character file.

Game seed: 6153295779591075662

3098 Exaltedone87 the Carver (level 9, -2/103 HPs)
             Began as a Demonspawn Gladiator on May 9, 2023.
             Was an Initiate of Gozag.
             Slain by a killer bee (3 damage)
             ... on level 8 of the Dungeon.
             The game lasted 00:11:13 (6675 turns).

Exaltedone87 the Carver (Demonspawn Gladiator)      Turns: 6675, Time: 00:11:14

Health: -2/103     AC:  8    Str: 16    XL:     9   Next: 59%
Magic:  9/9        EV: 15    Int:  9    God:    Gozag
Gold:   360        SH:  4    Dex: 18    Spells: 8/8 levels left

rFire   + . .        a - +1 long sword
rCold   . . .        (no shield)
rNeg    . . .        b - +0 leather armour
rPois   .            c - +1 helmet
rElec   .            h - +1 cloak
rCorr   .            (gloves unavailable)
SInv    .            (no boots)
Will    .....        (no amulet) Stlth
                     f - ring of protection from fire
HPRegen 0.37/turn    (no ring)
MPRegen 0.11/turn

%: no passive effects
@: berserking, lethally poisoned (-2 -> -22), gold aura, very quick
A: large bone plates 1, ignite blood 2, powered by pain 1, demonic touch 3
a: Renounce Religion, Potion Petition, Call Merchant, Bribe Branch


You were on level 8 of the Dungeon.
You worshipped Gozag.
Gozag was aware of your devotion.
You visited 2 branches of the dungeon, and saw 9 of its levels.

You collected 474 gold pieces.
You paid 114 gold pieces to Gozag.

Inventory:

Hand Weapons
 a - a +1 long sword (weapon)
Missiles
 d - 3 throwing nets (quivered)
Armour
 b - a +0 leather armour (worn)
 c - a +1 helmet (worn)
 h - a +1 cloak (worn)
Jewellery
 f - a ring of protection from fire (left hand)
 m - a ring of willpower
 n - a ring of wizardry
Wands
 g - a wand of flame (19)
 j - a wand of charming (10)
Scrolls
 s - 3 scrolls of enchant weapon
 t - 2 scrolls of magic mapping
Potions
 k - 2 potions of lignification {unknown}
 l - 2 potions of mutation {unknown}
 q - 2 potions of haste
 r - a potion of resistance


   Skills:
 + Level 6.3 Fighting
 * Level 8.3 Long Blades
 - Level 1.7 Throwing
 + Level 5.2 Armour
 + Level 6.1 Dodging


You had 8 spell levels left.
You didn't know any spells.
Your spell library contained the following spells:

 Spells                   Type           Power      Damage    Failure   Level
 Kiss of Death            Conj/Necr      0%         2d5       43%         1
 Shock                    Conj/Air       0%         1d3       43%         1
 Confusing Touch          Hex            0%         N/A       82%         3
 Swiftness                Air            0%         N/A       82%         3
 Volatile Blastmotes      Fire/Tloc      0%         2d10      82%         3
 Airstrike                Air            0%         2d(0-16)  99%         4
 Dispel Undead            Necr           0%         3d6       99%         4
 Fulminant Prism          Conj/Hex       0%         3d5       99%         4
 Iskenderun's Mystic Bla  Conj/Tloc      0%         2d3       99%         4
 Lee's Rapid Deconstruct  Erth           0%         3d4*      100%        5


Dungeon Overview and Level Annotations

Branches:
Dungeon (8/15)             Temple (1/1) D:7
   Lair: D:8-11

Altars:
Ashenzari
Cheibriados
Dithmenos
Fedhas
Gozag
Hepliaklqana
Kikubaaqudgha
Nemelex Xobeh
Okawaru
Qazlal
Ru
Sif Muna
Trog
Uskayaw
Vehumet
Wu Jian
Xom
Yredelemnul

Shops:
D:7 ?


Innate Abilities, Weirdness & Mutations

You are partially covered in large bone plates. (SH +4)
Your demonic aura often causes spilled blood to erupt in flames.
You sometimes gain a little power by taking damage.
Your touch may irresistibly damage your foes and sap their willpower.


Message History

The killer bee stings you.
* * * LOW HITPOINT WARNING * * *
The killer bee is no longer distracted by gold.
You miss the killer bee. Your touch misses the killer bee.
The killer bee is no longer distracted by gold.
The killer bee stings you.
* * * LOW HITPOINT WARNING * * *
You block the killer bee's attack. The killer bee misses you.
Unknown command.
The killer bee attacks as you move away!
The killer bee stings you.
* * * LOW HITPOINT WARNING * * *
The killer bee closely misses you. The killer bee stings you.
* * * LOW HITPOINT WARNING * * *
You are poisoned.
The killer bee poisons you! The killer bee misses you.
A red film seems to cover your vision as you go berserk!
You feel yourself moving faster!
You feel mighty!
You feel sick. The killer bee stings you.
* * * LOW HITPOINT WARNING * * *
The killer bee misses you. The killer bee barely misses you.
The killer bee stings you but does no damage.
The killer bee misses you.
You closely miss the killer bee. The killer bee stings you.
* * * LOW HITPOINT WARNING * * *
The killer bee stings you.
* * * LOW HITPOINT WARNING * * *
You are lethally poisoned!
The killer bee poisons you! The killer bee barely misses you.
Unknown command.
You closely miss the killer bee.
* * * LOW HITPOINT WARNING * * *
You feel sick. The killer bee misses you. The killer bee stings you.
* * * LOW HITPOINT WARNING * * *
You are more poisoned.
The killer bee poisons you! The killer bee closely misses you.
The killer bee stings you but does no damage.
The killer bee stings you.
You die...
Your body crumbles into a pile of gold.

#.(# ##$## #..# #..##
##.$# #..## #.○.#
#yyy## ##@y.# #...## #
##....# # ###.....##
## #.........#### #.
..###........########.
# #.......#..........
#.........##########.
$ #.........# ##


You could see 4 killer bees.

Vanquished Creatures
  A gargoyle (D:7)
  An unseen horror (D:7)
  A slime creature (D:7)
  A vampire (D:7)
  A wraith (D:7)
  A water moccasin (D:6)
  An orc warrior (D:7)
  An ice beast (D:5)
  A sky beast (D:7)
  A black bear (D:7)
  An ogre (D:4)
  A centaur (D:7)
  A kobold brigand (D:6)
  5 bullfrogs
  2 gnoll sergeants
  2 scorpions
  2 killer bees (D:8)
  A howler monkey (D:8)
  A jelly (D:6)
  4 hounds
  An orc priest (D:7)
  A sleepcap (D:6)
  Jessica (D:3)
  Ijyb (D:4)
  5 iguanas
  9 gnolls
  9 adders
  A shadow imp (D:6)
  A white imp (D:6)
  2 ufetubi
  3 worms
  8 dart slugs
  5 orcs
  7 ball pythons
  2 bats
  3 endoplasms
  5 goblins
  7 hobgoblins
  4 jackals (D:2)
  8 quokkas
  A frilled lizard (D:2)
  12 kobolds
  4 rats
130 creatures vanquished.

Vanquished Creatures (others)
  A white imp (D:6)
1 creature vanquished.

Grand Total: 131 creatures vanquished

Notes
Turn   | Place    | Note
-------+----------+-------------------------------------------
     0 | D:1      | Exaltedone87 the Demonspawn Gladiator began the quest for
                  | the Orb.
     0 | D:1      | Reached XP level 1. HP: 16/16 MP: 1/1
   649 | D:1      | Gained mutation: Your demonic aura sometimes causes spilled
                  | blood to erupt in flames. [demonic ancestry]
   649 | D:1      | Reached XP level 2. HP: 22/22 MP: 2/2
   702 | D:2      | Reached skill level 3 in Long Blades
   756 | D:2      | Gained mutation: Your touch may inflict minor irresistible
                  | damage on your foes. [demonic ancestry]
   756 | D:2      | Reached XP level 3. HP: 28/28 MP: 3/3
   784 | D:2      | Reached skill level 1 in Armour
   944 | D:2      | Found an ancient bone altar of Kikubaaqudgha.
  1175 | D:2      | Gained mutation: Your touch may inflict irresistible damage
                  | on your foes. [demonic ancestry]
  1175 | D:2      | Reached XP level 4. HP: 34/34 MP: 4/4
  1475 | D:3      | Noticed Jessica
  1492 | D:3      | Killed Jessica
  1584 | D:3      | Found a shadowy altar of Dithmenos.
  2313 | D:4      | Gained mutation: Your touch may irresistibly damage your
                  | foes and sap their willpower. [demonic ancestry]
  2313 | D:4      | Reached XP level 5. HP: 40/40 MP: 5/5
  2387 | D:4      | Reached skill level 4 in Long Blades
  2408 | D:4      | Noticed an ogre
  2413 | D:4      | Killed an ogre
  2414 | D:4      | Gained mutation: You are partially covered in large bone
                  | plates. (SH +4) [demonic ancestry]
  2414 | D:4      | Reached XP level 6. HP: 47/47 MP: 6/6
  2471 | D:4      | Noticed Ijyb
  2476 | D:4      | Killed Ijyb
  2914 | D:5      | Entered Level 5 of the Dungeon
  2990 | D:5      | Noticed an ice beast
  3001 | D:5      | Killed an ice beast
  3464 | D:5      | Reached skill level 5 in Long Blades
  3591 | D:5      | Gained mutation: You sometimes gain a little power by
                  | taking damage. [demonic ancestry]
  3591 | D:5      | Reached XP level 7. HP: 53/53 MP: 7/7
  4469 | D:6      | Reached skill level 6 in Long Blades
  4469 | D:6      | Reached XP level 8. HP: 43/61 MP: 8/8
  5089 | D:7      | HP: 2/61 [something (2)]
  5092 | D:7      | Killed an unseen horror
  5093 | D:7      | Reached skill level 5 in Fighting
  5093 | D:7      | Reached skill level 5 in Dodging
  5297 | D:7      | Noticed a slime creature
  5303 | D:7      | Killed a slime creature
  5304 | D:7      | Reached skill level 7 in Long Blades
  5467 | D:7      | Found Dasotismee's Magic Scroll Boutique.
  5474 | D:7      | Gained mutation: Your demonic aura often causes spilled
                  | blood to erupt in flames. [demonic ancestry]
  5474 | D:7      | Reached XP level 9. HP: 68/68 MP: 9/9
  5553 | D:7      | Found a staircase to the Ecumenical Temple.
  5562 | Temple   | Entered the Ecumenical Temple
  5562 | Temple   | Found a transporter.
  5562 | Temple   | Found a transporter.
  5564 | Temple   | Found a transporter.
  5564 | Temple   | Found a transporter.
  5601 | Temple   | Became a worshipper of Gozag Ym Sagoz the Greedy
  5784 | D:7      | Noticed a gargoyle
  5794 | D:7      | Killed a gargoyle
  5912 | D:7      | Reached skill level 5 in Armour
  5920 | D:7      | Reached skill level 8 in Long Blades
  6675 | D:8      | HP: 1/103 [killer bee (6)]
  6675 | D:8      | Slain by a killer bee

Illustrated notes

Levels and vault maps discovered:
D:1:      reono_arrival_forest_river, layout_basic
D:2:      minmay_recursive_quarters, layout_basic, basic_altar
D:3:      layout_loops_cross, mainiacjoe_overflow_big_doors,
          minmay_misc_feat_pillars, st_stairs_14, grunt_decor_junction,
          uniq_jessica
D:4:      layout_basic, serial_park_tiny_1, uniq_ijyb
D:5:      layout_basic, grunt_ministairs_14, minmay_misc_feat_alley,
          hangedman_decor_lopped
D:6:      layout_gridville, eino_tiny_chamber
D:7:      minmay_cornered_nines, layout_loops_ring, lemuel_temple_firewalk_a,
          serial_shops, shop
D:8:      layout_cave_pods, lair_entry_dummy, minmay_misc_feat_columns,
          uniq_erica, uniq_grum
Temple:   hellmonk_temple_divided_pantheon

Skill      XL: |  1  2  3  4  5  6  7  8  9 |
---------------+----------------------------+-----
Long Blades    | 3 4 5 6 7 8 |  8.3
Dodging        | 3 4 5 6 |  6.1
Armour         | 1 2 3 4 5 |  5.2
Fighting       | 3 4 5 6 |  6.3
Throwing       | |  1.7

Action                     |  1- 3 |  4- 6 |  7- 9 || total
---------------------------+-------+-------+-------++-------
  Melee: Long sword        |    95 |    85 |   163 ||   343
         Punch             |     1 |     1 |     5 ||     7
         Touch             |     5 |    21 |    35 ||    61
  Throw: Throwing net      |       |       |     2 ||     2
         Javelin           |       |       |     1 ||     1
    Use: Scroll            |     1 |     6 |     7 ||    14
         Potion            |       |       |     6 ||     6
   Stab: Distracted        |     1 |       |       ||     1
         Sleeping          |       |     2 |     3 ||     5
         Held in net/web   |       |       |     1 ||     1
 Armour: Leather armour    |    33 |    22 |    60 ||   115
  Dodge: Dodged            |    69 |    57 |   150 ||   276
  Block: Other             |       |     5 |    31 ||    36
